 Dungeon Crawl Stone Soup version 0.28-a0-983-g1de4e0787c (webtiles) character file.

Game seed: 11490845682432132506

44 mcbry74 the Chopper (level 3, -2/31 HPs)
             Began as a Hill Orc Fighter on Dec 2, 2021.
             Killed from afar by an orc wizard (8 damage)
             ... with a magic dart
             ... on level 3 of the Dungeon.
             The game lasted 00:04:12 (1672 turns).

mcbry74 the Chopper (Hill Orc Fighter)              Turns: 1672, Time: 00:04:12

Health: -2/31      AC:  6    Str: 20    XL:     3   Next: 60%
Magic:  3/3        EV:  9    Int:  8    God:
Gold:   106        SH:  4    Dex: 10    Spells: 2/2 levels left

rFire   . . .      SeeInvis .   a - +0 war axe
rCold   . . .      Faith    .   c - +0 buckler
rNeg    . . .      Spirit   .   b - +0 scale mail
rPois   +          Reflect  .   (no helmet)
rElec   .          Harm     .   (no cloak)
rCorr   .          Rampage  .   (no gloves)
Will    .....                   (no boots)
Stlth   ..........              (no amulet)
HPRegen 0.10/turn               i - ring of poison resistance
MPRegen 0.08/turn               (no ring)

@: no status effects
A: no striking features
a: no special abilities


You were on level 3 of the Dungeon.
You visited 1 branch of the dungeon, and saw 3 of its levels.

You collected 106 gold pieces.

Inventory:

Hand Weapons
 a - a +0 war axe (weapon)
Missiles
 k - 3 javelins (quivered)
Armour
 b - a +0 scale mail (worn)
 c - a +0 buckler (worn)
Jewellery
 i - a ring of poison resistance (left hand)
 j - a +4 ring of protection
Wands
 n - a wand of flame (17)
Scrolls
 g - 3 scrolls of identify {unknown}
 h - a scroll of amnesia {unknown}
Potions
 d - 2 potions of might
 e - a potion of heal wounds {unknown}
 f - a potion of curing {unknown}
 l - a potion of berserk rage {unknown}
 m - a potion of flight {unknown}


   Skills:
 - Level 3.6 Fighting
 + Level 5.0 Axes
 - Level 3.2 Armour
 - Level 0.2 Dodging
 - Level 3.2 Shields


You had 2 spell levels left.
You didn't know any spells.
Your spell library contained the following spells:

 Spells                   Type           Power      Damage    Failure   Level
 Fireball                 Conj/Fire      0%         3d3       100%        5
 Starburst                Conj/Fire      0%         6d3       100%        6
 Ignition                 Fire           0%         3d3       100%        8


Dungeon Overview and Level Annotations

Branches:
Dungeon (3/15)

Altars:
Ashenzari


Message History

Deactivating autopickup; reactivate with Ctrl-A.
An orc comes into view. It is wielding a +0 short sword.
An orc wizard comes into view. It is wielding a +0 dagger.
The orc wizard shouts!
The orc wizard casts a spell at you.
You are confused.
Something tries to affect you, but you resist.
You nearly stumble into some deep water!
An orc comes into view. It is wielding a +0 flail.
The orc shouts!
You hit the endoplasm.
The endoplasm is severely wounded.
The endoplasm freezes you.
You are frozen.
The endoplasm hits you but does no damage.
A magic dart appears from out of thin air!
The magic dart hits you!
The endoplasm hits you but does no damage.
The orc wizard hits you but does no damage.
You feel less confused.
The orc wizard gestures at you while chanting.
The magic dart hits you. The orc hits you but does no damage.
You barely miss the endoplasm.
The endoplasm is severely wounded.
You hit the orc wizard. You hit the orc. The orc wizard barely misses you.
You block the orc's attack.
The endoplasm hits you but does no damage.
You slash the endoplasm!
You kill the endoplasm!
You closely miss the orc wizard. You barely miss the orc. You slash the orc!
You kill the orc!
The orc wizard hits you but does no damage.
The orc hits you with a +0 flail.
The orc wizard points at you and mumbles some strange words.
The puff of flame hits you.
* * * LOW HITPOINT WARNING * * *
Your Axes skill increases to level 5!
A magic dart appears from out of thin air!
The magic dart hits you!
You die...

.. #.≈.....≈.......
..##.≈.≈≈≈.≈.≈....
....≈.≈_..≈.≈g.# #.
#..≈.≈≈≈≈≈.≈..# #..
#.≈.......≈..##
#...##.≈≈≈≈≈≈≈≈≈...#<
.......o.............
......{o......g......
........@..##.#......
#...######.##.#....#.
#.. #..... #### #
#...... #.......
##.#.#..# ....


You could see an orc wizard, an orc and a goblin.

Vanquished Creatures
  An adder (D:2)
  An orc (D:3)
  7 ball pythons
  3 bats
  2 endoplasms
  2 giant cockroaches
  3 goblins (D:1)
  2 hobgoblins (D:1)
  A kobold (D:1)
  4 quokkas (D:1)
  5 rats
31 creatures vanquished.

Notes
Turn   | Place    | Note
-------+----------+-------------------------------------------
     0 | D:1      | mcbry74 the Hill Orc Fighter began the quest for the Orb.
     0 | D:1      | Reached XP level 1. HP: 19/19 MP: 1/1
    90 | D:1      | Reached skill level 3 in Axes
   257 | D:1      | Reached XP level 2. HP: 25/26 MP: 2/2
   313 | D:1      | Reached skill level 4 in Axes
   858 | D:1      | Reached XP level 3. HP: 31/31 MP: 3/3
  1259 | D:2      | Found a faded altar of an unknown god.
  1660 | D:3      | Found a broken altar of Ashenzari.
  1672 | D:3      | Reached skill level 5 in Axes
  1672 | D:3      | Killed from afar by an orc wizard

Illustrated notes

Levels and vault maps discovered:
D:1:      elethiomel_arrival_shortcut, layout_basic, minmay_misc_feat_square
D:2:      layout_loops_cross, ebering_ecumenical_altar_webs
D:3:      layout_loops_cross, fiery_altar_vehumet,
          mainiacjoe_overflow_catwalk_spiral

Skill      XL: |  1  2  3 |
---------------+----------+-----
Axes           | 3 4 5 |  5.0
Fighting       | |  3.6
Armour         | |  3.2
Dodging        | |  0.2
Shields        | |  3.2

Action                   || total
-------------------------++-------
Melee: War axe           ||    94
Armor: Scale mail        ||    48
Dodge: Dodged            ||    43
Block: Buckler           ||    16

Table legend: (Time is in decaauts)
 A = Elapsed time spent in this place.
 B = Non-inter-level travel time spent in this place.
 C = Inter-level travel time spent in this place.
 D = Time resting spent in this place.
 E = Time spent auto-exploring this place.
 F = Levels seen in this place.
 G = Mean time per level.
                   A        B        C        D        E       F      G
               +--------+--------+--------+--------+--------+-----+--------+
         Total |   1700 |   1656 |     44 |    203 |   1193 |   3 |  566.7 |
       Dungeon |   1700 |   1656 |     44 |    203 |   1193 |   3 |  566.7 |
               +--------+--------+--------+--------+--------+-----+--------+

Top non-repeatable levels by time:
     D:1: 985 daAuts
     D:2: 702 daAuts
     D:3: 12 daAuts
